 Dungeon Crawl Stone Soup version 0.30-a0-1103-g25895a7845 (webtiles) character file.

Game seed: 8682418516040779705

4586 sanka the Martial Artist (level 10, -2/88 HPs)
             Began as a Yellow Draconian Monk on Apr 18, 2023.
             Killed from afar by Erica (12 damage)
             ... with a lance of force
             ... on level 8 of the Dungeon.
             The game lasted 00:12:29 (8090 turns).

sanka the Martial Artist (Yellow Draconian Monk)    Turns: 8090, Time: 00:12:30

Health: -2/88      AC:  9    Str: 21    XL:     10   Next: 18%
Magic:  10/10      EV: 16    Int: 10    God:
Gold:   366        SH:  0    Dex: 17    Spells: 9/9 levels left

rFire   . . .      SeeInvis .      - Unarmed
rCold   . . .      Faith    .    b - orb {light}
rNeg    . . .      Spirit   .    (body armour unavailable)
rPois   .          Reflect  .    (helmet restricted)
rElec   .          Rampage  .    F - +0 cloak
rCorr   +                        (no gloves)
Will    +....                    P - +0 pair of boots
Stlth   +                        o - amulet of the acrobat
HPRegen 0.34/turn                x - +6 ring of strength
MPRegen 0.12/turn                D - ring of willpower

@: short of breath, glowing
A: spit acid, AC +7, unfitting armour, cold-blooded, acid resistance
a: Breathe Acid


You were on level 8 of the Dungeon.
You visited 2 branches of the dungeon, and saw 9 of its levels.
You also visited: Sewer.

You collected 366 gold pieces.


Innate Abilities, Weirdness & Mutations

You can spit globs of acid.
Your golden yellow scales are hard. (AC +7)
You cannot fit into any form of body armour.
You are cold-blooded and may be slowed by cold attacks.
You are resistant to acid. (rCorr)


   Skills:
 - Level 8.0 Fighting
 - Level 8.0 Dodging
 + Level 11.1 Unarmed Combat


You had 9 spell levels left.
You didn't know any spells.
Your spell library contained the following spells:

 Spells                   Type           Power      Damage    Failure   Level
 Apportation              Tloc           0%         N/A       36%         1
 Necrotise                Necr           0%         1d4       36%         1
 Slow                     Hex            0%         N/A       36%         1
 Sting                    Tmut/Pois      0%         1d3       36%         1
 Summon Small Mammal      Summ           0%         N/A       36%         1
 Cigotuvi's Dreadful Rot  Necr/Pois/Air  0%         N/A       50%         2
 Poisonous Vapours        Pois/Air       0%         N/A       50%         2
 Confusing Touch          Hex            0%         N/A       75%         3
 Stone Arrow              Conj/Erth      0%         3d7       75%         3
 Vampiric Draining        Necr           0%         2d6       75%         3
 Dispel Undead            Necr           0%         3d6       98%         4
 Olgreb's Toxic Radiance  Pois           0%         N/A       98%         4
 Death Channel            Necr           0%         N/A       100%        6
 Lehudib's Crystal Spear  Conj/Erth      0%         10d2      100%        8
 Animate Armour           Summ/Erth      Unusable   N/A       N/A         4

Inventory:

Missiles
 u - 26 poisoned darts (quivered)
 v - 2 javelins
 w - 6 silver javelins
 G - 3 throwing nets {=f}
 N - a curare-tipped dart {=f}
Armour
 b - an orb of light (worn)
 F - a +0 cloak (worn)
 P - a +0 pair of boots (worn)
Jewellery
 o - an amulet of the acrobat (around neck)
 s - a ring of protection from fire
 x - a +6 ring of strength (left hand)
 A - an amulet of regeneration
 D - a ring of willpower (right hand)
 K - a ring of protection from cold
Wands
 t - a wand of flame (3)
 I - a wand of paralysis (9)
Scrolls
 e - a scroll of enchant weapon {unknown}
 g - 3 scrolls of teleportation {unknown}
 h - 4 scrolls of identify {unknown}
 i - a scroll of silence {unknown}
 j - 2 scrolls of blinking {unknown}
 r - a scroll of magic mapping {unknown}
 y - 2 scrolls of fear {unknown}
 z - 3 scrolls of enchant armour {unknown}
 C - 2 scrolls of vulnerability {unknown}
 E - a scroll of brand weapon {unknown}
 H - a scroll of poison {unknown}
Potions
 a - a potion of ambrosia
 c - 2 potions of curing {@q1}
 d - a potion of cancellation {unknown}
 f - 2 potions of mutation {unknown}
 k - 3 potions of degeneration {unknown}
 l - a potion of flight {unknown}
 m - 3 potions of lignification {unknown}
 n - 2 potions of heal wounds {unknown}
 p - 3 potions of haste {unknown}
 q - 4 potions of invisibility {unknown}
 B - 3 potions of might {unknown}
 L - 3 potions of brilliance {unknown}
 M - a potion of resistance {unknown}
 O - a potion of magic {unknown}

Dungeon Overview and Level Annotations

Branches:
Dungeon (8/15)             Temple (1/1) D:6           Sewer (visited)
   Lair: D:8-11

Altars:
Ashenzari
Cheibriados
Dithmenos
Gozag
Hepliaklqana
Kikubaaqudgha
Makhleb
Nemelex Xobeh
Okawaru
Qazlal
Ru
Trog
Wu Jian
Xom
Yredelemnul
Zin
The Shining One

Annotations:
D:8 Erica

..▒▒.▒ ▒.▒▒.▒
▒▒▒▒.▒▒.▒▒▒▒▒▒▒
▒.............▒
.▒▒▒▒▒▒.▒▒)▒▒.▒▒.....
........▒▒.▒▒.▒ ▒▒.▒
▒..▒▒▒▒▒.▒▒.▒▒.▒
......÷<<▒▒@▒▒.▒▒.▒
▒▒.▒▒...÷..d.......
▒▒▒▒.▒▒.......▒
▒.▒▒▒▒▒.▒▒▒▒ ... .▒
▒▒.▒▒ ▒ ▒.. ▒▒▒


You could see Erica (corroded).


Message History

Your tail-slap misses Erica.
Erica is heavily wounded.
You feel sick. Erica misses you.
Unknown command.
You punch Erica!
Erica is severely wounded.
Erica gestures at you while chanting. The bolt of poison hits you!!
You are more poisoned.
* * * LOW HITPOINT WARNING * * *
You hit Erica.
Erica is severely wounded.
You feel very sick. Erica casts a spell at you. The lance of force hits you!
* * * LOW HITPOINT WARNING * * *
You are knocked back by the lance of force.
Unknown command.
Unknown command.
* * * LOW HITPOINT WARNING * * *
You feel very sick.
You hit Erica but do no damage. You tail-slap Erica.
Erica is severely wounded.
* * * LOW HITPOINT WARNING * * *
You feel sick. Erica casts a spell at you. The lance of force hits you!
You die...

Action                     |  1- 3 |  4- 6 |  7- 9 | 10-12 || total
---------------------------+-------+-------+-------+-------++-------
  Melee: Unarmed           |   111 |    83 |   479 |    48 ||   721
         Tailslap          |    18 |    13 |    76 |    10 ||   117
  Throw: Dart              |       |     1 |       |       ||     1
Ability: Breathe Acid      |       |       |     6 |     3 ||     9
  Evoke: Wand              |       |     1 |       |       ||     1
    Use: Potion            |       |       |       |     2 ||     2
   Stab: Sleeping          |     1 |       |     1 |       ||     2
 Armour: Skin              |    28 |    19 |   131 |    12 ||   190
  Dodge: Dodged            |    60 |    51 |   374 |    35 ||   520

Levels and vault maps discovered:
D:1:      spicycebolla_arrival_risky_transporter, layout_loops_corners,
          serial_aquarium, aquarium_bridge_straight [aquarium_subvault_bridge,
          aquarium_subvault_wall, aquarium_subvault_bridge,
          aquarium_subvault_wall], aquarium_bridge_long_joined
          [aquarium_subvault_bridge, aquarium_subvault_wall,
          aquarium_subvault_bridge, aquarium_subvault_balcony,
          aquarium_subvault_balcony, aquarium_subvault_balcony],
          aquarium_window_corner, aquarium_window_corridor_2, aquarium_window_2,
          aquarium_view_2g
D:2:      layout_basic, basic_altar
D:3:      layout_rooms, uniq_sigmund
D:4:      minmay_octagon_keep, layout_basic, grunt_gozag_statues, uniq_menkaure,
          uniq_eustachio
D:5:      layout_loops_cross, serial_undead, serial_undead_a, serial_undead_c,
          serial_undead_d, serial_undead_a, fountainhead, uniq_blork_the_orc
D:6:      layout_basic, minmay_temple_entry_proselytizer, gup_sewer_entry_pipe
D:7:      layout_basic, chequers_avenue, hangedman_minor_gate_pass,
          uniq_prince_ribbit1, uniq_crazy_yiuf_cottage
D:8:      layout_loops_ring, overflow_temple_1_default, corner_web_ring,
          uniq_grum, uniq_joseph, uniq_erica, uniq_gastronok
Temple:   minmay_temple_bridge_d

Notes
Turn   | Place    | Note
-------+----------+-------------------------------------------
     0 | D:1      | sanka the Draconian Monk began the quest for the Orb.
     0 | D:1      | Reached XP level 1. HP: 19/19 MP: 1/1
   275 | D:1      | Reached XP level 2. HP: 26/26 MP: 2/2
   515 | D:1      | Reached skill level 4 in Unarmed Combat
   707 | D:1      | Reached XP level 3. HP: 26/31 MP: 3/3
  1364 | D:2      | Found a glowing golden altar of the Shining One.
  1767 | D:2      | Reached XP level 4. HP: 36/38 MP: 4/4
  1770 | D:2      | Reached skill level 5 in Unarmed Combat
  1853 | D:3      | Noticed Sigmund
  1864 | D:3      | Killed Sigmund
  1865 | D:3      | Reached skill level 6 in Unarmed Combat
  1865 | D:3      | Reached XP level 5. HP: 40/45 MP: 5/5
  2150 | D:3      | Reached XP level 6. HP: 51/51 MP: 6/6
  2261 | D:4      | Identified the +2 dagger of Eternal Night {flame, Str+3
                  | Stlth+}
  2361 | D:4      | Reached skill level 7 in Unarmed Combat
  2381 | D:4      | Noticed Eustachio
  2420 | D:4      | Killed Eustachio
  2510 | D:4      | Reached skill level 8 in Unarmed Combat
  2705 | D:4      | Your scales start taking on a golden yellow colour.
  2705 | D:4      | Reached XP level 7. HP: 57/57 MP: 7/7
  2705 | D:4      | Gained mutation: You are resistant to acid. (rCorr) [Yellow
                  | Draconian growth]
  3029 | D:4      | Reached skill level 9 in Unarmed Combat
  3181 | D:4      | Noticed Menkaure
  3190 | D:4      | Killed Menkaure
  3191 | D:4      | Reached skill level 10 in Unarmed Combat
  3191 | D:4      | Reached XP level 8. HP: 39/63 MP: 8/8
  3388 | D:4      | Found an opulent altar of Gozag.
  3542 | D:5      | Entered Level 5 of the Dungeon
  3652 | D:5      | Reached skill level 4 in Fighting
  3652 | D:5      | Reached skill level 3 in Dodging
  3790 | D:5      | Noticed Blork the orc
  3811 | D:5      | Killed Blork the orc
  3910 | D:5      | Reached skill level 4 in Dodging
  4040 | D:5      | Reached skill level 5 in Fighting
  4738 | D:6      | Reached skill level 6 in Fighting
  4738 | D:6      | Reached skill level 5 in Dodging
  4819 | D:6      | Reached XP level 9. HP: 69/77 MP: 9/9
  4879 | D:6      | Found a staircase to the Ecumenical Temple.
  4912 | Temple   | Entered the Ecumenical Temple
  4933 | D:6      | Found a glowing drain.
  4969 | Sewer    | Entered a sewer
  6020 | D:6      | Reached skill level 7 in Fighting
  6186 | D:6      | Reached skill level 6 in Dodging
  6865 | D:7      | Noticed Prince Ribbit
  6881 | D:7      | Killed Prince Ribbit
  6882 | D:7      | Reached skill level 8 in Fighting
  6920 | D:7      | Reached skill level 7 in Dodging
  7093 | D:7      | Reached skill level 8 in Dodging
  7313 | D:7      | Identified the +0 leather armour "Volean" {Harm +Inv rC-
                  | Str-2}
  7361 | D:7      | Reached XP level 10. HP: 72/88 MP: 10/10
  7667 | D:7      | Found a runed translucent door.
  7668 | D:7      | Noticed Crazy Yiuf
  7676 | D:7      | Killed Crazy Yiuf
  7791 | D:8      | Noticed Grum
  7800 | D:8      | Killed Grum
  7809 | D:8      | Reached skill level 11 in Unarmed Combat
  7811 | D:8      | HP: 5/88 [wolf[Grum] (5)]
  8062 | D:8      | Noticed Erica
  8088 | D:8      | HP: 6/88 [poisoned by Erica (bolt of poison)]
  8090 | D:8      | Killed from afar by Erica

Vanquished Creatures
  Prince Ribbit (D:7)
  Sigmund (D:3)
  Grum (D:8)
  Eustachio (D:4)
  Menkaure (D:4)
  2 water moccasins
  A sky beast (D:7)
  2 black bears
  2 orc warriors
  An ice beast (D:7)
  An ogre (D:4)
  2 centaurs (D:7)
  4 wolves (D:8)
  2 phantoms (D:5)
  2 kobold brigands
  Blork the orc (D:5)
  6 bullfrogs
  3 scorpions
  3 killer bees (D:7)
  2 howler monkeys (D:7)
  A bullfrog zombie (D:5)
  4 jellies
  6 hounds
  10 orc priests
  Crazy Yiuf (D:7)
  A bullfrog skeleton (D:5)
  A sleepcap (D:6)
  A scorpion zombie (D:5)
  6 iguanas
  5 orc wizards
  A hound zombie (D:5)
  9 adders
  4 river rats (Sewer)
  2 shadow imps
  A white imp (D:6)
  An ufetubus (D:4)
  A worm (D:2)
  A dart slug (D:1)
  29 orcs
  11 endoplasms
  7 giant cockroaches
  7 goblins
  11 hobgoblins
  7 jackals
  11 quokkas
  18 ball pythons
  7 bats
  4 frilled lizards
  28 kobolds
  23 rats
258 creatures vanquished.
